 Seeded DCSS version 0.30-a0-1161-g0704695555 (webtiles) character file.

Game seed: 15125089867304992907 (custom seed)

1047 voltaire321 the Fighter (level 8, -3/72 HPs)
             Began as a Merfolk Gladiator on Apr 27, 2023.
             Was an Initiate of Wu Jian.
             Slain by Pikel
             ... wielding a +0 whip of electrocution
              (13 damage)
             ... while paralysed by Pikel
             ... on level 5 of the Dungeon.
             The game lasted 00:09:38 (4531 turns).

voltaire321 the Fighter (Merfolk Gladiator)         Turns: 4531, Time: 00:09:39

Health: -3/72      AC:  8    Str: 14    XL:     8   Next: 25%
Magic:  17/17      EV:  2    Int:  7    God:    Wu Jian [......]
Gold:   378        SH:  0    Dex: 18    Spells: 7/7 levels left

rFire   . . .        a - +0 long sword
rCold   . . .        (no shield)
rNeg    . . .        b - +0 leather armour
rPois   .            c - +0 helmet
rElec   .            (no cloak)
rCorr   .            m - +2 pair of gloves
SInv    .            (no boots)
Will    .....        (no amulet)
Stlth   +            f - ring of magical power
HPRegen 0.32/turn    (no ring)
MPRegen 0.15/turn

%: no passive effects
@: paralysed
A: (nimble swimmer 2), mertail
a: Renounce Religion


You were on level 5 of the Dungeon.
You worshipped Wu Jian.
Wu Jian was noncommittal.
You visited 2 branches of the dungeon, and saw 6 of its levels.

You collected 378 gold pieces.

Inventory:

Hand Weapons
 a - a +0 long sword (weapon)
Missiles
 d - 3 throwing nets
 q - 11 javelins (quivered)
Armour
 b - a +0 leather armour (worn)
 c - a +0 helmet (worn)
 m - a +2 pair of gloves (worn)
Jewellery
 f - a ring of magical power (left hand)
 t - a ring of ice
Wands
 e - a wand of polymorph (18)
 z - a wand of flame (5)
Scrolls
 g - 2 scrolls of magic mapping {unknown}
 i - a scroll of teleportation {unknown}
 l - a scroll of enchant weapon {unknown}
 s - 2 scrolls of silence {unknown}
 w - a scroll of fog {unknown}
 x - a scroll of immolation {unknown}
 y - 2 scrolls of identify
Potions
 h - 3 potions of heal wounds
 j - 5 potions of curing
 k - 2 potions of might
 n - a potion of degeneration {unknown}
 o - 3 potions of mutation
 p - 3 potions of invisibility
 r - a potion of brilliance {unknown}
 u - a potion of resistance {unknown}
 v - a potion of haste {unknown}
 A - a potion of attraction {unknown}
 B - a potion of lignification {unknown}


   Skills:
 + Level 9.8 Fighting
 + Level 5.2 Long Blades
 + Level 3.7 Throwing
 + Level 6.5 Armour
 + Level 5.7 Dodging


You had 7 spell levels left.
You didn't know any spells.
Your spell library contained the following spells:

 Spells                   Type           Power      Damage    Failure   Level
 Ensorcelled Hibernation  Hex/Ice        0%         N/A       65%         2
 Passwall                 Tmut/Erth      0%         N/A       65%         2
 Gell's Gravitas          Tloc           0%         N/A       86%         3
 Swiftness                Air            0%         N/A       86%         3
 Teleport Other           Tloc           0%         N/A       86%         3
 Dispersal                Tloc           0%         N/A       100%        6


Dungeon Overview and Level Annotations

Branches:
Dungeon (5/15)             Temple (1/1) D:4

Altars:
Ashenzari
Cheibriados
Dithmenos
Elyvilon
Fedhas
Hepliaklqana
Kikubaaqudgha
Okawaru
Ru
Sif Muna
Trog
Vehumet
Wu Jian
Xom
Yredelemnul
Zin
The Shining One

Annotations:
D:5 Pikel


Innate Abilities, Weirdness & Mutations

((You are very nimble when in or above water. (Stealth+, EV+, Speed+++)))
Your lower body shifts to a powerful aquatic tail in water.


Message History

Pikel zaps a wand.
You resist with some effort. The lemure hits you but does no damage.
The lemure barely misses you. The lemure hits you.
You can move again.
The lemure closely misses you. The lemure attacks as you move away!
The lemure hits you!
* * * LOW HITPOINT WARNING * * *
Pikel says, "You'll rust in Dis!"
The lemure attacks as you move away! The lemure hits you!
* * * LOW HITPOINT WARNING * * *
Pikel attacks as you move away! Pikel misses you.
The lemure attacks as you move away! The lemure closely misses you.
Pikel zaps a wand.
You resist with some effort.
There is an open door here.
The lemure attacks as you move away! The lemure hits you.
* * * LOW HITPOINT WARNING * * *
You feel much better.
You barely miss the lemure. You hit Pikel but do no damage.
Pikel is moderately wounded.
Pikel hits you with a +0 whip of electrocution.
You slash Pikel!
Pikel is heavily wounded.
Pikel barely misses you.
You hit Pikel.
Pikel is severely wounded.
Pikel barely misses you.
You hit Pikel.
Pikel is severely wounded.
Pikel hits you but does no damage.
You barely miss Pikel.
Pikel is severely wounded.
Pikel zaps a wand.
You suddenly lose the ability to move!
Pikel hits you with a +0 whip of electrocution.
You are electrocuted!
* * * LOW HITPOINT WARNING * * *
Pikel hits you with a +0 whip of electrocution.
* * * LOW HITPOINT WARNING * * *
You are electrocuted!
You die...

#....##..#........#....#..##....#
#....##..+........#....#..#######
#.....#..##..##...#....#..#......
#.....#..######...#....#..#.....#
#....##... #...#....#..'.....#
#....# .# #...#....#..#......
#..... #...#....#..#...... +.....
#...#....#..##....#
#.@.#....#..##....#
###K##....#....)...# ######
#.555.....#........# .....
#..5......#........# ...
#.........#........#
###'###.........#.........
#...............#.........
#......#'###....#.........
#......#...#....#..##....#


You could see Pikel and 4 lemures.

Vanquished Creatures
  Sigmund (D:2)
  2 centaurs
  Blork the orc (D:5)
  2 scorpions (D:5)
  A jelly (D:5)
  A hound (D:4)
  A gnoll bouda (D:4)
  4 iguanas
  A sleepcap (D:4)
  Terence (D:2)
  10 adders
  4 gnolls (D:4)
  3 worms
  3 orcs
  4 bats
  6 endoplasms
  3 giant cockroaches
  5 goblins
  5 hobgoblins
  9 jackals (D:4)
  4 kobolds
  8 quokkas
  13 ball pythons
  3 frilled lizards
  3 rats
98 creatures vanquished.

Vanquished Creatures (others)
  A fungus (D:1)
  4 toadstools (D:1)
5 creatures vanquished.

Grand Total: 103 creatures vanquished

Notes
Turn   | Place    | Note
-------+----------+-------------------------------------------
     0 | D:1      | voltaire321 the Merfolk Gladiator began the quest for the
                  | Orb.
     0 | D:1      | Reached XP level 1. HP: 16/16 MP: 1/1
   174 | D:1      | Reached XP level 2. HP: 23/23 MP: 2/2
   848 | D:2      | Reached XP level 3. HP: 27/28 MP: 3/3
  1020 | D:2      | Noticed Terence
  1035 | D:2      | Killed Terence
  1036 | D:2      | Reached skill level 1 in Armour
  1036 | D:2      | Reached XP level 4. HP: 34/34 MP: 4/4
  1073 | D:2      | Reached skill level 9 in Fighting
  1073 | D:2      | Reached XP level 5. HP: 52/52 MP: 5/5
  1154 | D:2      | Noticed Sigmund
  1163 | D:2      | Killed Sigmund
  1164 | D:2      | Reached XP level 6. HP: 55/59 MP: 6/6
  1401 | D:2      | Found a faded altar of an unknown god.
  2724 | D:4      | Reached skill level 5 in Dodging
  2724 | D:4      | Reached XP level 7. HP: 53/64 MP: 7/7
  2824 | D:4      | Found a staircase to the Ecumenical Temple.
  2959 | Temple   | Entered the Ecumenical Temple
  2977 | Temple   | Became a worshipper of the Wu Jian Council
  3482 | D:4      | Found an iron altar of Okawaru.
  3566 | D:5      | Entered Level 5 of the Dungeon
  3679 | D:5      | Noticed Blork the orc
  3690 | D:5      | Killed Blork the orc
  3997 | D:5      | Reached skill level 5 in Long Blades
  3997 | D:5      | Reached XP level 8. HP: 63/72 MP: 8/8
  4359 | D:5      | Found a radiant altar of Vehumet.
  4411 | D:5      | Found a snail-covered altar of Cheibriados.
  4501 | D:5      | Noticed Pikel
  4512 | D:5      | Paralysed by Pikel for 5 turns
  4529 | D:5      | Paralysed by Pikel for 4 turns
  4531 | D:5      | Slain by Pikel

Illustrated notes

Levels and vault maps discovered:
D:1:      lightli_arrival_lavapool, layout_basic, dk_noncrumbling_3,
          minmay_misc_feat_chi, minmay_gold_behind_fungi, kennysheep_doodads
D:2:      layout_loops_ring, hellmonk_ecumenical_altar_prayer_group,
          uniq_terence, uniq_sigmund
D:3:      layout_basic, minmay_snake_closets
D:4:      layout_basic, okawaru_altar_gauntlet_db,
          minmay_temple_entry_statues_fountains, chequers_serial_rivers_large_b
D:5:      layout_gridville, nicolae_vehumet_altar_sigil, kennysheep_mini_moat,
          uniq_pikel, uniq_blork_the_orc
Temple:   eino_temple_lava

Skill      XL: |  1  2  3  4  5  6  7 |
---------------+----------------------+-----
Long Blades    | 4 5 |  5.2
Armour         | 1 6 |  6.5
Fighting       | 9 |  9.8
Throwing       | 3 |  3.7
Dodging        | 5 |  5.7

Action                     |  1- 3 |  4- 6 |  7- 9 || total
---------------------------+-------+-------+-------++-------
  Melee: Long sword        |    92 |    91 |   142 ||   325
         Punch             |       |     1 |     3 ||     4
  Throw: Javelin           |     1 |     1 |     9 ||    11
Ability: Lunge             |       |       |    10 ||    10
  Evoke: Wand              |       |       |     1 ||     1
    Use: Scroll            |     3 |     3 |       ||     6
         Potion            |       |     1 |     1 ||     2
   Stab: Sleeping          |     4 |     4 |     2 ||    10
         Distracted        |       |       |     1 ||     1
 Armour: Leather armour    |    37 |    25 |    47 ||   109
         Skin              |     8 |       |       ||     8
  Dodge: Dodged            |    82 |    75 |   121 ||   278

Table legend: (Time is in decaauts)
 A = Elapsed time spent in this place.
 B = Non-inter-level travel time spent in this place.
 C = Inter-level travel time spent in this place.
 D = Time resting spent in this place.
 E = Time spent auto-exploring this place.
 F = Levels seen in this place.
 G = Mean time per level.
                   A        B        C        D        E       F      G
               +--------+--------+--------+--------+--------+-----+--------+
         Total |   4566 |   4439 |    127 |    263 |   3164 |   6 |  761.0 |
       Dungeon |   4483 |   4356 |    127 |    263 |   3111 |   5 |  896.6 |
        Temple |     82 |     82 |      0 |      0 |     53 |   1 |   82.0 |
               +--------+--------+--------+--------+--------+-----+--------+

Top non-repeatable levels by time:
     D:3: 1048 daAuts
     D:5: 971 daAuts
     D:2: 859 daAuts
     D:1: 831 daAuts
     D:4: 772 daAuts
  Temple: 82 daAuts
